[Event "34th Pula Open 2022"]
[Site "Pula"]
[Date "2022.06.20"]
[Round "3.4"]
[White "Makovec, Bruno"]
[Black "Pastar, Slaven"]
[Result "1-0"]
[ECO "E18"]
[WhiteElo "2215"]
[BlackElo "2300"]
[Annotator "TA"]
[PlyCount "139"]
[EventDate "2022.06.18"]
[EventType "swiss"]
[EventCountry "CRO"]
[SourceTitle "playchess.com"]
[Source "ChessBase"]
[SourceQuality "1"]
[TimeControl "5400+30"]

1. d4 e6 2. c4 Nf6 3. Nf3 b6 4. g3 Bb7 5. Bg2 Be7 6. O-O O-O 7. Nc3 Ne4 8. Bd2 $1 {[%emt 0:03:03][%mdl 4] outshines the older 8.Qc2.} f5 9. Ne5 {[%emt 0:11:36] E18: Queen's Indian: Old Main Line (4 g3 Bb7 5 Bg2 Be7 6 0-0 0-0 7 Nc3).} Nxc3 10. Bxc3 Bxg2 (10... Nc6 11. Nxc6 dxc6 12. b4 $16) 11. Kxg2 {[%emt 0:00:05] White has an edge.} d6 12. Nf3 Nd7 13. Qd3 {[%emt 0:06:49] [#]} Nf6 $146 ({Predecessor:} 13... Qc8 14. e4 Qb7 15. Rae1 Rae8 16. exf5 exf5 17. Re6 Bd8 18. Rxe8 Rxe8 19. Qxf5 Nf6 {1-0 (44) Meier,G (2631)-Amezcua Luria,J (2001) Mexico City 2022}) 14. d5 Qd7 (14... exd5 $14 15. cxd5 (15. Qxf5 dxc4 16. Qe6+ Kh8 $11) 15... Ne4) 15. dxe6 $1 $16 Qxe6 16. Nd4 Qe4+ 17. f3 Qxd3 18. exd3 Nd7 19. Ne6 Rf7 20. Nxc7 {[%emt 0:02:01] White is much more active. The black rooks are badly placed.} Rc8 21. Nd5 $36 {[%emt 0:00:19][%mdl 2048] Keeping Black busy.} Bf6 (21... Nc5 $16 22. Rad1 Na6) 22. Rfe1 {[%emt 0:05:38][%cal Bf1e1,Be1e6,Be6d6][%mdl 32] Strongly threatening Bxf6.} Kf8 23. Re6 Be5 $2 (23... Bxc3 24. Nxc3 (24. bxc3 Ne5 $16) 24... Rf6) 24. Bb4 $2 (24. d4 $18 {and the rest is easy.}) 24... Nc5 25. Bxc5 bxc5 {[%emt 0:00:30] [#]} (25... Rxc5 $16 26. Rd1 Bxb2 27. Rxd6 Rc8) 26. f4 $1 $18 Bxb2 27. Rb1 Rb7 28. Rxd6 Kf7 29. Kf3 g6 (29... Rcb8 {was necessary.} 30. a4 Kf8) 30. h3 h5 31. g4 hxg4+ 32. hxg4 Rh8 $2 (32... fxg4+ {was called for.} 33. Kxg4 Re8) 33. gxf5 gxf5 {[%emt 0:03:58] [#]} 34. Rf6+ $3 Bxf6 35. Rxb7+ {[%emt 0:00:06][%mdl 4096] Endgame KRB-KRN} Ke6 36. Rxa7 Bd4 $2 (36... Bd8 37. a4 Rh3+ 38. Ke2 Rh2+ 39. Ke3 Ra2 40. Ra6+ Kd7 41. Nf6+ Bxf6) 37. a4 Rh2 38. Re7+ Kd6 39. Re2 {[%emt 0:00:35] Prevents Rd2.} Rh3+ 40. Kg2 Rxd3 41. Ra2 {[%emt 0:00:06] Prevents Ra3. aiming for a5.} ({Not} 41. Ne7 Rc3 42. Nxf5+ Kc7 43. Nxd4 cxd4 $18) 41... Kc6 42. a5 {[%emt 0:00:44] White threatens a6 and mate.} Kb7 {[%emt 0:00:50] [#]} 43. a6+ $1 Ka7 44. Nc7 {[%emt 0:01:33] White wants to mate with Nb5+.} Rb3 (44... Be3 $18 45. Nb5+ Ka8) 45. Nb5+ {[%emt 0:00:47] White mates.} Ka8 46. a7 Rb2+ 47. Rxb2 Bxb2 {[%emt 0:00:04] KB-KN} 48. Kf3 Bf6 49. Nd6 Kxa7 50. Nxf5 Kb6 51. Ke4 Kc6 52. Ne3 Bd4 53. Nd5 Kd6 54. Kf5 (54. f5 Bb2 55. Nf4 Ke7 $18) 54... Bh8 55. Nf6 Ke7 56. Ne4 Bd4 57. Kg6 Ke6 58. f5+ Ke5 {[%emt 0:00:28] [#]} 59. f6 $1 Kxe4 {[%emt 0:00:19] KB-KPP} (59... Kf4 60. f7) 60. f7 Kd3 61. f8=Q Kxc4 62. Qf1+ Kb3 63. Kf5 c4 64. Ke4 Bb2 65. Qd1+ Ka3 66. Qc2 c3 67. Kd3 Ka2 68. Kc4 Ka1 69. Kb3 Bc1 70. Qa2# {[%emt 0:00:06] Weighted Error Value: White=0.17 (very precise) /Black=0.31} 1-0

[Event "34th Pula Open 2022"]
[Site "Pula"]
[Date "2022.06.20"]
[Round "3.5"]
[White "Maier, Christian"]
[Black "Balinski, Damian"]
[Result "1/2-1/2"]
[ECO "A88"]
[WhiteElo "2299"]
[BlackElo "2184"]
[Annotator "TA"]
[PlyCount "53"]
[EventDate "2022.06.18"]
[EventType "swiss"]
[EventCountry "CRO"]
[SourceTitle "playchess.com"]
[Source "ChessBase"]
[SourceQuality "1"]
[TimeControl "5400+30"]

1. d4 f5 2. c4 Nf6 3. Nc3 d6 4. Nf3 g6 5. g3 Bg7 6. Bg2 O-O 7. O-O c6 $1 {[%emt 0:00:03][%mdl 4] now scores much better than the old 7...Qe8.} 8. b4 e5 {[%emt 0:02:15] A88: Dutch Defence: Leningrad System: 5 Nf3 0-0 6 0-0 d6 7 Nc3 c6.} 9. dxe5 dxe5 10. Qb3 ({Of course not} 10. Nxe5 Qxd1 11. Nxd1 (11. Rxd1 Ne4 $17) 11... Ng4 $15) ({Much worse is} 10. Qxd8 Rxd8 11. Nxe5 Re8 $11) (10. e4 $5) 10... e4 11. Rd1 Qe7 12. Nd4 Ng4 13. c5+ Kh8 {[%emt 0:09:42] [#]} 14. Bf4 $146 {[%emt 0:01:12] Hoping for Bd6.} ({Predecessor:} 14. h3 Ne5 15. f4 exf3 16. exf3 Rd8 17. Bb2 Na6 18. f4 Rxd4 19. Rxd4 Nf3+ 20. Bxf3 Bxd4+ {1-0 (42) Aleksandrov,A (2606)-Dovliatov,S (2327) Minsk 2000}) 14... Ne5 15. Rac1 Na6 16. h4 (16. b5 $1 $14 Nb8 17. h4) 16... Nc7 $11 {[%emt 0:05:14] The position is equal.} 17. e3 Ne6 18. Nce2 h6 19. Bxe5 (19. b5 {with more complications.} Nxc5 20. Qa3 Ned3 21. bxc6 Rf7 22. Rc3) 19... Bxe5 20. Nf4 Nxf4 21. exf4 Bf6 22. Rd2 Bd7 23. Rcd1 Rad8 24. Bf1 a6 25. Bc4 Bc8 26. Kg2 h5 27. Qe3 {[%emt 0:02:56] Weighted Error Value: White=0.05 (flawless) /Black=0.04 (flawless)} 1/2-1/2

[Event "34th Pula Open 2022"]
[Site "Pula"]
[Date "2022.06.20"]
[Round "3.6"]
[White "Rohacek, Miroslav"]
[Black "Rubil, Marko"]
[Result "1-0"]
[ECO "C45"]
[WhiteElo "2188"]
[BlackElo "2272"]
[Annotator "TA"]
[PlyCount "83"]
[EventDate "2022.06.18"]
[EventType "swiss"]
[EventCountry "CRO"]
[SourceTitle "playchess.com"]
[Source "ChessBase"]
[SourceQuality "1"]
[TimeControl "5400+30"]

1. e4 e5 2. Nf3 Nc6 3. d4 exd4 4. Nxd4 Bc5 5. Nb3 Bb6 6. Nc3 Nge7 7. Bg5 {[%emt 0:05:30] C45: Scotch Game.} f6 {[%emt 0:00:45] 7...h6 is the fancy move.} 8. Bh4 O-O 9. Qd2 {[%emt 0:07:16] The position is equal.} d6 10. O-O-O a5 11. a4 {[%emt 0:00:37] [#]} Qe8 $146 ({Predecessor:} 11... Be6 12. f4 Bxb3 13. cxb3 Nd4 14. Bc4+ Kh8 15. Bf2 Nec6 16. Nb5 Nxb5 17. Bxb6 Nba7 {½-½ (41) Mastrovasilis,D (2594)-Georgiev,V (2479) Batumi 2018}) 12. f3 f5 13. Bc4+ Kh8 14. Rhe1 {[%emt 0:00:12] [#] aiming for exf5.} f4 15. Bf2 {[%emt 0:07:59] Prevents Be3.} Bxf2 (15... Ne5 $2 16. Bb5 Bd7 17. Bxb6 Bxb5 18. Nxb5 $18 (18. axb5 Nc4 $14) (18. Bxc7 Bxa4 19. Qxd6 Nc4 $18)) 16. Qxf2 Ne5 17. Bf1 Qh5 $2 {[%emt 0:00:13] White leaves nothing to chance now.} (17... N7c6 $11 {and Black is okay.}) 18. Nb5 $18 Bd7 19. Nxc7 Bxa4 $2 (19... Rac8 $2 20. Nb5) (19... Rab8 20. Rxd6 Bxa4) 20. Nxa8 Rxa8 21. Rxd6 Rc8 22. Qb6 N5c6 (22... Nf7 $142 23. Rd2 Be8 24. Nxa5 h6 25. Nxb7 Ra8) 23. Nc5 Qh4 24. Red1 Bxc2 25. Kxc2 Qf2+ 26. Kb3 h5 27. Rd8+ Nxd8 28. Rxd8+ Kh7 29. Rxc8 Nxc8 30. Qc7 {[%emt 0:00:16] [#] Black must now prevent Bd3.} Qxf1 31. Qxc8 {[%emt 0:00:23] Active counter play!} Qb5+ 32. Kc3 ({Weaker is} 32. Ka2 Qc4+ 33. Kb1 Qf1+ 34. Kc2 Qxg2+ 35. Kb3 Qxf3+ 36. Ka2 Qf1 37. Qf5+ (37. Nxb7 Qb5 $16) (37. Qxb7 $2 Qc4+ 38. Qb3 Qxc5 $19) 37... Kh6 $18) 32... Qb4+ 33. Kd3 b5 (33... Qb5+ $142 34. Kd4 Qxb2+ 35. Kd5 Qd2+ 36. Ke5 Qxg2 37. Qf5+ Kg8) 34. Qf5+ Kg8 35. Qd5+ Kf8 36. Qd6+ Kg8 37. Qd5+ Kf8 $1 38. Nd7+ Ke7 39. Ne5 {[%emt 0:00:11] Threatening mate with Ng6+.} Qe1 40. Qd7+ {[%emt 0:00:07] White mates.} Kf6 41. Qd6+ Kg5 42. Nf7+ {[%emt 0:00:01] Weighted Error Value: White=0.23 (precise) /Black=0.52} 1-0

[Event "34th Pula Open 2022"]
[Site "Pula"]
[Date "2022.06.20"]
[Round "3.7"]
[White "Hadzovic, Amir"]
[Black "Ragger, Anna-Christina"]
[Result "1/2-1/2"]
[ECO "B20"]
[WhiteElo "2270"]
[BlackElo "2141"]
[Annotator "TA"]
[PlyCount "60"]
[EventDate "2022.06.18"]
[EventType "swiss"]
[EventCountry "CRO"]
[SourceTitle "playchess.com"]
[Source "ChessBase"]
[SourceQuality "1"]
[TimeControl "5400+30"]

1. e4 c5 2. Nc3 e6 3. Bc4 a6 4. a4 b6 5. d3 Bb7 6. Nf3 {[%emt 0:14:10] B20: Sicilian: Unusual White 2nd moves.} d5 7. exd5 exd5 8. Qe2+ Be7 $1 9. Ba2 Nf6 10. O-O O-O {[%emt 0:05:28] [#]} 11. Bg5 $146 ({Predecessor:} 11. Bf4 Nc6 12. Rae1 Re8 13. Qd2 b5 14. axb5 axb5 15. Bb1 Qb6 16. Ne2 d4 17. Ng3 {0-1 (60) Tilenbaeva,B (1944)-Vasiliev,O (2293) Khanty-Mansiysk 2010}) 11... h6 ({Black should play} 11... Re8 $15) 12. Rfe1 $36 {[%emt 0:02:46][%mdl 2048] White is pushing.} (12. Rae1 $5 Nc6 13. Bxf6 Bxf6 14. Nxd5 $14) 12... Bd6 (12... Nc6 $11 {keeps the balance.} 13. Bxf6 Bxf6) 13. Bxf6 $16 Qxf6 14. Bxd5 Bxd5 15. Nxd5 Qd8 16. Ne7+ (16. Qe4 $142) 16... Bxe7 17. Qxe7 Nc6 18. Qe4 {[%emt 0:02:15] White is much more active. The black rooks are badly placed.} Nd4 19. Nxd4 cxd4 20. Qb7 Rc8 21. Re2 a5 22. Rae1 Qd6 23. g3 Qb4 24. Qd7 (24. Re7 $14) 24... Qxb2 $11 {[%emt 0:08:57] The position is equal.} ({But not} 24... Rxc2 25. Re8 (25. Rxc2 Qxe1+ 26. Kg2 Qb1 $14) 25... Rc8 26. Rxc8 $16) 25. Re8 Rcxe8 26. Rxe8 Rxe8 27. Qxe8+ Kh7 28. Qxf7 {[%emt 0:01:23] Strongly threatening Qc4.} Qxc2 29. Qf5+ Kh8 30. Qb5 Qe2 {[%emt 0:03:54] Blacks defense is rewarded with a draw.  Weighted Error Value: White=0.12 (very precise) /Black=0.16 (very precise)} 1/2-1/2

[Event "34th Pula Open 2022"]
[Site "Pula"]
[Date "2022.06.20"]
[Round "3.8"]
[White "Berke, Ana"]
[Black "Boucquet, Emile"]
[Result "1/2-1/2"]
[ECO "B51"]
[WhiteElo "2150"]
[BlackElo "2252"]
[Annotator "RC"]
[PlyCount "99"]
[EventDate "2022.06.18"]
[EventType "swiss"]
[EventCountry "CRO"]
[SourceTitle "playchess.com"]
[Source "ChessBase"]
[SourceQuality "1"]
[TimeControl "5400+30"]

1. e4 c5 2. Nf3 d6 3. Bb5+ Nd7 4. O-O a6 5. Bxd7+ Bxd7 6. c3 Nf6 7. Re1 Bc6 8. d4 cxd4 9. cxd4 g6 10. d5 Bd7 11. Nc3 Bg7 12. a4 O-O 13. a5 Bg4 14. h3 Bxf3 15. Qxf3 Nd7 16. Be3 Rc8 17. Qd1 Ne5 18. Bd4 g5 19. Ra4 e6 20. Kh1 Qe7 21. Rf1 Qf6 22. Qh5 Qg6 23. Qxg6 Nxg6 24. Bxg7 Kxg7 25. g3 Ne5 26. f4 Nd3 27. fxg5 Nxb2 28. Ra2 Rxc3 29. Rxb2 exd5 30. exd5 Rxg3 31. Rf6 Rxh3+ 32. Kg2 Ra3 33. Rxd6 Rxa5 34. Rxb7 Rc8 35. Ra7 Rc3 36. Raxa6 Rb5 37. Rab6 Rbc5 38. Rdc6 Rxc6 39. Rxc6 Rd3 40. Rd6 Kf8 41. Rh6 Kg7 42. Rd6 Kf8 43. Rh6 Rxd5 44. Rxh7 Rxg5+ 45. Kf3 Ke7 46. Kf4 Rg1 47. Rh6 Rf1+ 48. Ke4 f6 49. Rh5 f5+ 50. Rxf5 1/2-1/2

[Event "34th Pula Open 2022"]
[Site "Pula"]
[Date "2022.06.20"]
[Round "3.9"]
[White "Bochnicka, Vladimir"]
[Black "Terryn, Ezra"]
[Result "1-0"]
[ECO "B47"]
[WhiteElo "2267"]
[BlackElo "2132"]
[Annotator "TA"]
[PlyCount "95"]
[EventDate "2022.06.18"]
[EventType "swiss"]
[EventCountry "CRO"]
[SourceTitle "playchess.com"]
[Source "ChessBase"]
[SourceQuality "1"]
[TimeControl "5400+30"]

1. e4 c5 2. Nf3 e6 3. d4 cxd4 4. Nxd4 Nc6 5. Nc3 Qc7 6. Qd3 {[%emt 0:00:12] B47: Sicilian: Taimanov: 5 Nc3 Qc7 6 f4, 6 g3 and 6 Be2.} a6 7. Nxc6 (7. Be2 {is more complex.} Nf6 8. Bg5 Nxd4 9. Qxd4 Bc5 10. Qd3) 7... bxc6 8. Qg3 {[%emt 0:01:21] White is slightly better.} Qxg3 9. hxg3 a5 {[%emt 0:05:06] [#]} 10. e5 $146 ({Predecessor:} 10. Na4 Ba6 11. Bxa6 Rxa6 12. c4 Nf6 13. e5 Ng4 14. Bf4 f6 15. exf6 Nxf6 16. O-O-O {1-0 (55) Dolana,A (2368)-Doncea,V (2361) Bucharest 2019}) 10... f5 (10... f6 $11) 11. Na4 $16 Ne7 12. Bd2 Ba6 13. O-O-O Nc8 (13... Bxf1 $142 14. Rdxf1 (14. Rhxf1 h5 $16) 14... Nc8) 14. Bxa6 Rxa6 15. Be3 {[%emt 0:00:16][%cal Bd2e3,Be3f4,Bf4e5,Be5d4][%mdl 32] White is more active.} d5 (15... Ra8 {was called for.} 16. Rd3 Rb8) 16. exd6 $18 Bxd6 17. Rhe1 e5 18. Bf4 Kf7 19. Bxe5 Re8 20. Bd4 {[%emt 0:01:45] Rxe8 is the strong threat.} Rxe1 21. Rxe1 Ra8 22. Re3 f4 23. Rf3 g5 24. gxf4 g4 25. Rc3 Bxf4+ 26. Kd1 Ne7 27. Rc5 Kg6 ({Weaker is} 27... Rd8 28. c3 $16) 28. c3 h5 29. g3 Bc7 (29... Bd6 {was worth a try.}) 30. Be5 Rd8+ 31. Ke2 Bxe5 32. Rxe5 {[%emt 0:00:05][%mdl 4096] Endgame KRN-KRN} Rd7 33. Rxa5 Nd5 34. Nc5 Re7+ 35. Kf1 Rf7 36. Nd3 Rf6 37. Kg2 Rd6 38. Ne5+ Kf6 39. Nc4 Re6 40. Ra8 Re4 {[%emt 0:00:31] [#]} 41. b3 ({White has to play} 41. Ra4 $1 $18) 41... Nxc3 $16 42. a4 Re1 (42... Re2 $16 43. Ne3 Ke6) 43. a5 (43. Rc8 $18) 43... Ne2 44. f4 ({Better is} 44. a6 $18 Nd4 45. Nd2) 44... Nd4 {[%emt 0:00:40] [#]} (44... Nc1 $14) 45. a6 $1 $18 Nf3 $2 (45... Ra1 46. a7 Ra2+ 47. Kf1 Kg7) 46. a7 {[%emt 0:01:08] White threatens Rf8+ and mate.} h4 47. Rf8+ Kg7 48. a8=Q {[%emt 0:00:53] Weighted Error Value: White=0.17 (very precise) /Black=0.41} 1-0

[Event "34th Pula Open 2022"]
[Site "Pula"]
[Date "2022.06.20"]
[Round "3.10"]
[White "Tonndorf, Matthias"]
[Black "De Vleeschauwer, Maarten"]
[Result "0-1"]
[ECO "B48"]
[WhiteElo "2162"]
[BlackElo "2255"]
[Annotator "TA"]
[PlyCount "82"]
[EventDate "2022.06.18"]
[EventType "swiss"]
[EventCountry "CRO"]
[SourceTitle "playchess.com"]
[Source "ChessBase"]
[SourceQuality "1"]
[TimeControl "5400+30"]

1. e4 c5 2. Nf3 e6 3. d4 cxd4 4. Nxd4 Nc6 5. Nc3 Qc7 6. Be3 a6 7. f4 {[%emt 0:02:18] 7.g4 is setting a new trend.} b5 8. Nxc6 dxc6 {[%emt 0:04:59] B48: Sicilian: Taimanov: 5 Nc3 Qc7 6 Be3 a6 without Be2.} 9. Bd3 Nf6 {[%emt 0:20:28] [#]} 10. Qf3 $146 ({Predecessor:} 10. O-O Bb7 11. e5 Nd5 12. Nxd5 cxd5 13. Kh1 g6 14. Qg4 h5 15. Qe2 Bg7 16. Bd4 Qe7 17. Qf2 Rc8 18. c3 h4 19. h3 Bh6 20. Be2 {½-½ (20) Baccarin,N (1874)-Gomes,M (1708) Foz do Iguacu 2018}) 10... e5 {[%emt 0:06:56] The position is equal.} 11. fxe5 Ng4 12. Bf4 Nxe5 13. Qg3 f6 14. O-O (14. Bxe5 $11 Qxe5 15. Qxe5+ fxe5 16. a4) 14... Be6 (14... Bd6 {is interesting.} 15. Be2 O-O 16. Rad1 Be6) 15. Kh1 (15. a4 $15 {deserves consideration.} Bc5+ 16. Kh1) 15... Bd6 $17 16. Ne2 {[%emt 0:02:55] [#]} c5 {[%emt 0:00:57] Against Nd4. Black is more active.} (16... g5 $1 $17 17. Bxe5 Bxe5) 17. Nc3 g5 (17... c4 $5 18. Be2 O-O $11) 18. Bxb5+ {[%emt 0:12:54] This costs White the game.} axb5 $19 19. Nxb5 Qb6 20. Nxd6+ Qxd6 21. Bxg5 (21. Be3 O-O 22. h3) 21... fxg5 22. Rad1 Qc7 23. Qxg5 {[%emt 0:13:41] [#] aiming for Qf6.} Ng6 24. Rf6 Qe7 25. h4 Rf8 26. e5 Rxf6 27. exf6 Qf7 28. Qxc5 {[%emt 0:01:23] Hoping for Qc6+.} Rc8 {[%emt 0:00:23] Prevents Qc6+.} 29. Qb5+ Bd7 ({Not} 29... Kf8 $2 30. Qg5 $19) 30. Qg5 Nf8 ({Wrong is} 30... Rxc2 $2 31. Re1+ Kf8 32. h5) 31. c3 Rc6 32. Qe5+ Ne6 33. Qb8+ $2 (33. b4) 33... Rc8 34. Qb7 Rd8 35. Rf1 Kf8 36. Qe4 Kg8 37. Rf3 Kh8 38. Qe5 (38. Kg1 $142) 38... Rg8 {[%emt 0:00:14] Threatens to win with ...Bc6.} 39. Rd3 (39. Kg1 {might work better.}) 39... Bc6 {[%emt 0:00:14] Black is clearly winning.} 40. Rd6 (40. Rd2 $142) 40... Bxg2+ 41. Kh2 Nf8 {[%emt 0:00:15] Weighted Error Value: White=0.62/Black=0.25 (precise)} 0-1

[Event "34th Pula Open 2022"]
[Site "Pula"]
[Date "2022.06.20"]
[Round "3.11"]
[White "Jusic, Zdenko"]
[Black "Sandor, Martin"]
[Result "1-0"]
[ECO "B22"]
[WhiteElo "2236"]
[BlackElo "2042"]
[Annotator "TA"]
[PlyCount "89"]
[EventDate "2022.06.18"]
[EventType "swiss"]
[EventCountry "CRO"]
[SourceTitle "playchess.com"]
[Source "ChessBase"]
[SourceQuality "1"]
[TimeControl "5400+30"]

1. e4 c5 2. c3 Nf6 3. e5 Nd5 4. d4 cxd4 5. Nf3 Nc6 6. cxd4 d6 7. Bc4 Nb6 8. Bb5 d5 9. a4 {[%emt 0:28:33][%cal Ba2a4,Ba4a5][%mdl 32] [#] B22: Sicilian: 2 c3.} a6 $146 (9... Nc4 $11) ({Predecessor:} 9... Bf5 10. a5 Nd7 11. a6 Qb6 12. axb7 Qxb7 13. Qa4 Rc8 14. Ba6 Qb4+ 15. Nc3 Qxa4 16. Rxa4 Rb8 {1-0 (33) Mammadov,Z (2417)-Koc,P (2346) Chess.com INT 2020}) 10. Bxc6+ $16 bxc6 11. a5 $1 {[%emt 0:00:19] White is better.} Nd7 12. e6 $1 fxe6 13. Bf4 $1 e5 14. Nxe5 ({Don't play} 14. Bxe5 Nxe5 15. Nxe5 g6 $14) 14... Nxe5 15. Bxe5 {[%emt 0:00:05] Hoping for Qh5+.} Bf5 16. Qh5+ Bg6 17. Qg4 Qc8 (17... Qd7 $142 18. Qxd7+ Kxd7) 18. Qg3 {[%emt 0:01:21] White is more active.} Qb7 19. Nc3 e6 20. h4 Qf7 {[%emt 0:14:46] [#]} ({Not} 20... Qxb2 21. O-O $14) 21. Bd6 {[%emt 0:04:23] Prevents c5.} (21. O-O $1 $16) 21... Rd8 22. Bxf8 Rxf8 23. Ne2 {[%emt 0:01:10] Against Qf4} (23. h5 $5 Bxh5 24. Na4 $14) 23... Bh5 (23... c5 $11 {remains equal.}) 24. f3 {[%emt 0:00:04] White stays focused until the end.} Qg6 {[%emt 0:00:36] [#]} (24... Rc8 $16) 25. Qe5 $1 $18 Rf5 26. Qe3 Qf7 (26... e5 {was necessary.}) 27. Ra3 Rf6 28. g4 Rb8 29. Qc3 ({Don't do} 29. gxh5 Qxh5 30. Qc1 Kd7 $18) 29... Bg6 30. h5 Bb1 31. Kd2 Rxf3 (31... c5 $142 32. Rxb1 c4) 32. Qxf3 $2 (32. Qxc6+ Qd7 33. Qxd7+ Kxd7 34. Rxf3) 32... Qxf3 33. Rxf3 Be4 34. Ke3 {[%emt 0:01:44][%cal Oh1c1] Black must now prevent Rc1!} Rxb2 {[%emt 0:00:53] ...Rb3+ is the strong threat.} 35. Rff1 Bxh1 36. Rxh1 {[%emt 0:00:06][%mdl 4096] Endgame KRN-KR} Ke7 (36... Rb3+ {was worth a try.} 37. Kd2 Kd7) 37. Rc1 Kd6 38. Nf4 Rb3+ 39. Nd3 Ra3 40. Rb1 {[%emt 0:00:18] White is clearly winning.} Kc7 {[%emt 0:02:28] Inhibits Rb7+.} 41. Kd2 Rxa5 42. Nc5 {[%emt 0:00:14] Inhibits Ra4.} e5 43. Rb7+ Kc8 44. Rxg7 exd4 45. Ne6 {[%emt 0:00:20] Weighted Error Value: White=0.26 (precise) /Black=0.40} 1-0

[Event "34th Pula Open 2022"]
[Site "Pula"]
[Date "2022.06.20"]
[Round "3.12"]
[White "Starcevic, Ante Leon"]
[Black "Petrek, Dominik"]
[Result "1-0"]
[ECO "D02"]
[WhiteElo "2227"]
[BlackElo "2110"]
[Annotator "TA"]
[PlyCount "113"]
[EventDate "2022.06.18"]
[EventType "swiss"]
[EventCountry "CRO"]
[SourceTitle "playchess.com"]
[Source "ChessBase"]
[SourceQuality "1"]
[TimeControl "5400+30"]

1. Nf3 e6 2. d4 Nf6 3. Bf4 d5 4. e3 Bd6 5. Bg3 O-O 6. Nbd2 c5 {[%emt 0:00:12] D02: 1 d4 d5 2 Nf3 sidelines, including 2...Nf6 3 g3 and 2...Nf6 3 Bf4.} 7. c3 Qc7 8. dxc5 Qxc5 {[%emt 0:02:04] The position is equal.} 9. Bd3 Nbd7 10. Qe2 e5 11. e4 dxe4 12. Bxe4 {[%emt 0:01:12] [#]} Nxe4 $146 ({Predecessor:} 12... Re8 13. Rd1 Bc7 14. Nb3 Qf8 15. Bf5 g6 16. Bh3 e4 17. Nfd4 Ne5 18. Bxc8 Nd3+ {½-½ (41) Anisimov,P (2527)-Steinberg,N (2542) Chess.com INT 2020}) 13. Nxe4 Qc7 14. Nxd6 Qxd6 15. Bxe5 Nxe5 16. Qxe5 ({Don't blunder} 16. Nxe5 $2 Re8 17. f4 f6 $19) 16... Qb6 17. O-O-O $1 Be6 18. Qd4 (18. Nd4 {keeps more tension.} Bxa2 19. Nf5 f6 20. Qg3) 18... Bxa2 19. Qxb6 axb6 20. Rd6 (20. Kc2 $16) 20... Bd5 $11 {[%emt 0:11:24] And now ...Bxf3 would win.} 21. Rd1 Ra1+ 22. Kd2 Rxd1+ 23. Kxd1 {[%emt 0:00:43][%mdl 4096] Endgame KRB-KRN} Bc6 24. Ne1 Ra8 25. g3 Kf8 26. Kd2 Ke7 27. Rd4 Rd8 28. Rxd8 Kxd8 {[%emt 0:00:02] KB-KN} 29. Ke3 Ke7 30. Kd4 Kd6 31. Nd3 g6 32. Ne5 f6 33. Nc4+ Kc7 34. h4 h5 (34... b5 $1 $11 {keeps the balance.} 35. Ne3 Kd6) 35. Ne3 $16 {[%emt 0:01:42] Black must now prevent Nd5+.} Kd6 {[%emt 0:00:57] [#] Against Nd5} 36. Nc4+ (36. c4 $1 $16) 36... Kc7 $14 37. Nd2 Kd6 38. Nb3 Ke6 39. Ke3 Kd5 40. Nd4 Kc4 41. Kd2 (41. Nxc6 bxc6 42. Kd2 Kb3 $19) 41... Bd5 42. b4 Bf7 43. Ne2 Kb3 44. Nd4+ Kc4 45. Ne2 Kb3 46. Nf4 Kc4 47. Ng2 Be6 48. Ne3+ Kb3 49. Kd3 {[%emt 0:00:34] Strongly threatening b5.} Kb2 $2 {[%emt 0:00:53][%mdl 8192] [#] Loses the game.} (49... b5 $11) 50. b5 $1 $18 Kb3 51. c4 Kb4 52. Kd4 Bf7 53. f3 g5 54. Nd5+ Bxd5 55. cxd5 {[%emt 0:00:06] White mates.} gxh4 56. gxh4 Kxb5 57. f4 {[%emt 0:00:06] Weighted Error Value: White=0.10 (very precise) /Black=0.37} 1-0

[Event "34th Pula Open 2022"]
[Site "Pula"]
[Date "2022.06.20"]
[Round "4.1"]
[White "Fercec, Nenad"]
[Black "Jusic, Zdenko"]
[Result "1-0"]
[ECO "C06"]
[WhiteElo "2415"]
[BlackElo "2236"]
[Annotator "TA"]
[PlyCount "67"]
[EventDate "2022.06.18"]
[EventType "swiss"]
[EventCountry "CRO"]
[SourceTitle "playchess.com"]
[Source "ChessBase"]
[SourceQuality "1"]
[TimeControl "5400+30"]

1. e4 e6 2. d4 d5 3. Nd2 Nf6 4. e5 Nfd7 5. Bd3 c5 6. c3 Nc6 7. Ne2 a5 8. O-O cxd4 9. cxd4 Nb4 {[%emt 0:00:41] C06: French Tarrasch: 3...Nf6 4 e5 Nfd7 5 Bd3 main lines.} 10. Bb1 a4 11. a3 Nc6 {[%emt 0:00:12] White is slightly better.} 12. Bd3 Be7 13. Nf3 Qa5 (13... Nb6 $14) 14. Nc3 $16 {[%emt 0:01:22] [#]} Qa7 $146 (14... Nb6 $16 15. Qe2 Bd7) ({Predecessor:} 14... Nb6 15. Qe2 Qa7 16. Bb5 Bd7 17. Be3 Na5 18. Bxd7+ Nxd7 19. Nb5 Qb6 20. Rac1 Nc4 21. Rxc4 dxc4 22. Qxc4 {0-1 (65) Gil Suarez,J-Lopez Grana,C (1764) Ourense 2008}) 15. Bc2 (15. Nb5 $18 Qb6 16. Bg5) 15... Nb6 16. Nb5 Qb8 17. Bg5 {[%emt 0:04:18] Hoping for Bxe7. White is more active.} Nc4 18. Bxe7 ({And not} 18. Bxa4 Nxb2 19. Nd6+ Bxd6 20. Bxc6+ bxc6 $15) 18... Kxe7 19. Rb1 (19. Bxa4 $2 Nxb2 20. Qc1 Nxa4 $17) 19... Bd7 20. Bxa4 Nb6 21. b3 Nxa4 22. bxa4 Ra5 $2 (22... h6 23. Nd6 Nd8) 23. Nd6 $18 Qa8 (23... Nd8 24. Qd2 Rxa4 25. Qg5+ Kf8) 24. Rxb7 {[%emt 0:06:04] [#] Ng5 is the strong threat.} Rb8 25. Rxb8 ({Not} 25. Rc7 Kd8 $18) 25... Qxb8 26. Qc2 {[%emt 0:02:45] Strongly threatening Rb1.} f5 27. Rb1 Qa8 28. Rb7 {[%emt 0:00:00] [#] Threatening mate with Qxc6.} Qa6 29. h3 h6 30. Nh4 Kd8 31. Ng6 Rxa4 32. Nf8 {[%emt 0:02:06][%csl Gf8][%cal Rb7d7] Pair of Knights!} Bc8 33. Rxg7 {[%emt 0:00:26] Qc5 would kill now.} Rxd4 34. Qc5 {[%emt 0:01:10] Weighted Error Value: White=0.17 (very precise) /Black=0.54} 1-0